Map: Oceanborn LE

Players

MrMuffins - Winner!

  • Race: Terran Terran
  • League: Silver
  • Spawn Location: 11:00

THORN

  • Race: Terran Terran
  • League: Silver
  • Spawn Location: 5:00

VOD

Have the link to the VOD?

Description

Time

  • Played on: Sept. 3, 2024, 5:52 p.m.
  • Length: 33:13
Show
View Real Time Build Order
Export as new Build Order

MrMuffins Terran - Winner!

Build Orders:  

Get SALT Encoding   

  12  0:00  SCV  
  13  0:15  Supply Depot  
  13  0:18  SCV  
  14  0:30  SCV  
  15  0:50  Barracks  
  15  1:00  SCV  
  16  1:12  SCV  
  17  1:18  Supply Depot  
  17  1:26  Command Center  
  17  1:34  SCV  
  17  1:39  Marine  
  19  1:51  Refinery  
  19  1:54  Barracks  
  19  1:57  Marine  
  20  2:06  SCV  
  21  2:10  Refinery  
  21  2:15  Engineering Bay  
  21  2:21  Marine  
  22  2:26  Orbital Command  
  22  2:39  Marine  
  23  2:48  Orbital Command  
  23  2:56  Barracks Tech Lab  
  23  3:03  Barracks Reactor  
  23  3:09  Factory  
  23  3:14  SCV  
  24  3:22  SCV  
  24  3:26  SCV, Combat Shield  
  26  3:34  SCV  
  26  3:36  Supply Depot  
  26  3:37  Marine  
  26  3:38  SCV  
  26  3:39  Marine  
  26  3:41  Marine  
  30  3:46  SCV  
  32  3:50  SCV  
  32  3:51  Terran Infantry Weapons Level 1  
  33  3:55  Marine  
  33  3:56  Factory Tech Lab  
  33  3:59  SCV  
  35  4:03  SCV  
  35  4:04  Supply Depot  
  36  4:10  Marine x2  
  36  4:13  Marine  
  39  4:18  Starport  
  39  4:25  Siege Tank  
  39  4:26  SCV  
  39  4:28  Marine  
  44  4:38  SCV, Supply Depot  
  45  4:46  Marauder  
  45  4:49  Concussive Shells  
  45  4:50  SCV  
  45  4:51  Marine x2  
  50  4:58  Refinery  
  50  5:03  SCV  
  51  5:07  Marine  
  51  5:09  Marine x2  
  54  5:15  SCV, Starport Reactor  
  55  5:27  SCV  
  56  5:28  Marine x2  
  56  5:29  Marine  
  56  5:32  Stimpack  
  59  5:39  SCV  
  59  5:40  Refinery  
  60  5:46  Marine x2  
  60  5:47  Marine  
  63  5:51  SCV  
  64  6:03  SCV  
  65  6:04  Marine  
  63  6:15  SCV  
  59  6:22  Siege Tank  
  59  6:24  Medivac x2  
  66  6:30  SCV  
  67  6:41  Command Center  
  67  6:42  SCV  
  67  6:46  Marine x3  
  70  6:58  SCV  
  70  7:00  Medivac  
  70  7:04  Marine x3  
  69  7:10  SCV  
  70  7:18  Siege Tank  
  70  7:22  SCV, Marine  
  75  7:25  Terran Infantry Armor Level 1  
  75  7:27  Command Center  
  75  7:30  Armory  
  75  7:43  SCV  
  75  7:50  Siege Tank  
  78  8:01  Command Center  
  78  8:02  SCV  
  79  8:06  Supply Depot  
  79  8:08  Supply Depot  
  78  8:14  Marine x3  
  81  8:22  Siege Tank  
  81  8:24  Barracks  
  81  8:26  Medivac  
  86  8:27  Medivac  
  86  8:28  Supply Depot  
  86  8:31  SCV, Marine  
  86  8:32  Marine x2, Supply Depot  
  92  8:43  SCV  
  92  8:44  Terran Vehicle Weapons Level 1  
  93  8:49  Marine x2  
  93  8:50  Marine  
  97  8:56  Orbital Command  
  96  9:07  Marine x3  
  99  9:14  Barracks  
  96  9:40  Siege Tank  
  96  9:41  Marine x2  
  96  9:42  Barracks Reactor, Marine  
  102  9:59  Marine x2  
  104  10:00  Marine  
  105  10:12  Siege Tank  
  108  10:16  Marine  
  108  10:17  Marine  
  108  10:18  Marine  
  95  10:34  Marine x2  
  95  10:35  Marine x2  
  95  10:36  Barracks Reactor  
  95  10:38  Terran Infantry Weapons Level 2  
  95  10:42  SCV  
  96  10:45  Orbital Command, Refinery  
  96  10:54  SCV  
  96  10:56  Medivac x2  
  100  10:57  Siege Tank  
  100  10:58  Marine x2  
  100  10:59  Marine x3  
  108  11:04  Supply Depot  
  108  11:06  SCV  
  108  11:10  Factory  
  108  11:11  Refinery  
  109  11:16  Marine x2  
  109  11:17  Marine x3  
  109  11:18  SCV  
  115  11:29  Supply Depot  
  115  11:30  SCV, Siege Tank  
  119  11:34  Marine x5  
  124  11:42  SCV  
  125  11:52  Marine, Supply Depot  
  126  11:55  Factory Tech Lab  
  126  11:57  Marine x6  
  132  12:02  Siege Tank  
  134  12:09  Marine  
  134  12:11  SCV  
  134  12:14  Marine  
  134  12:15  Marine x5  
  142  12:23  SCV  
  142  12:27  Marine  
  144  12:32  Marine  
  144  12:33  Marine  
  144  12:35  SCV  
  146  12:44  Siege Tank  
  146  12:45  Siege Tank  
  146  12:47  SCV  
  146  12:49  Terran Vehicle And Ship Armor Level 1  
  153  12:53  Starport  
  153  12:54  Terran Infantry Armor Level 2  
  153  12:55  Fusion Core  
  153  13:00  SCV  
  154  13:12  SCV x2  
  156  13:24  SCV  
  155  13:29  Missile Turret  
  155  13:36  SCV  
  156  13:43  Supply Depot  
  156  13:45  Siege Tank  
  156  13:46  Siege Tank  
  156  13:48  SCV, Starport Tech Lab  
  163  13:56  Starport  
  163  14:05  Supply Depot  
  161  14:17  Siege Tank  
  161  14:18  Siege Tank  
  167  14:27  Supply Depot  
  166  14:47  Marauder, Marine x5  
  166  14:48  Marine  
  166  14:51  Medivac  
  166  14:52  Medivac  
  180  15:05  SCV, Marine x3  
  184  15:08  Marauder  
  186  15:14  Starport Tech Lab  
  186  15:17  SCV, Weapon Refit  
  185  15:21  Medivac, Battlecruiser  
  185  15:23  Medivac  
  195  15:30  Marauder  
  195  16:24  Command Center  
  195  16:49  Command Center  
  195  16:52  Supply Depot  
  195  16:53  Raven  
  182  16:56  Siege Tank x2  
  185  17:09  Battlecruiser  
  185  17:14  Terran Ship Weapons Level 1, Supply Depot  
  185  17:15  Terran Infantry Weapons Level 3  
  191  17:26  Marine x7  
  195  17:43  Marine, Supply Depot  
  196  17:44  Marine x4  
  199  18:01  Marine  
  199  18:05  Orbital Command  
  189  19:44  Battlecruiser  
  195  20:15  Terran Infantry Armor Level 3  
  195  20:20  Terran Vehicle Weapons Level 2  
  195  20:26  Orbital Command  
  192  22:00  Siege Tank  
  189  22:45  Battlecruiser  
  189  22:48  Terran Vehicle And Ship Armor Level 2  
  177  23:24  Siege Tank x2  
  172  23:32  Orbital Command  
  164  23:56  Siege Tank x2  
  166  24:28  Siege Tank  
  166  24:29  Siege Tank  
  166  24:31  Battlecruiser x2  
  184  25:00  Siege Tank, Marine x4  
  184  25:01  Siege Tank, Marine x3  
  184  25:04  Terran Ship Weapons Level 2  
  184  25:06  Refinery  
  197  25:07  Refinery  
  197  25:11  Command Center  
  197  25:13  Missile Turret  
  197  25:18  Marine x5  
  176  25:29  Marine  
  176  25:30  Marine  
  176  25:33  Siege Tank x2  
  176  25:35  Battlecruiser x2  
  173  25:36  Marine x5  
  174  25:47  Marine  
  174  25:48  Marine  
  176  25:53  Marine  
  176  25:54  Marine x4  
  181  26:05  Siege Tank, Marine  
  181  26:06  Marine  
  186  26:11  Marine x2  
  186  26:12  Marine x3  
  190  26:23  Marine x2  
  186  26:29  Marine x2  
  183  26:33  Marine x3  
  178  26:41  Marine x2  
  168  26:47  Marine x2  
  168  26:51  Marine  
  165  26:59  Marine  
  165  27:00  Marine x3  
  169  27:05  Marine x2  
  156  27:31  Marine x7  
  163  27:40  Bunker  
  163  27:48  Marine  
  163  27:49  Marine x6  
  170  28:06  Marine  
  170  28:07  Marine  
  172  28:36  Terran Vehicle Weapons Level 3  
  172  29:15  Marine x2  
  172  29:16  Marine x3  
  172  29:17  Marine x2  
  179  29:26  Orbital Command  
  179  29:33  Marine x3  
  179  29:34  Marine x4  
  186  29:43  Command Center  
  186  29:51  Marine x3  
  186  29:52  Marine x4  
  193  30:09  Marine  
  194  31:16  Siege Tank x2  
Show
View Real Time Build Order
Export as new Build Order

THORN Terran 

Build Orders: Mech 

Get SALT Encoding   

  12  0:01  SCV  
  13  0:13  SCV  
  14  0:25  SCV  
  15  0:30  Supply Depot  
  15  0:52  SCV  
  16  1:04  SCV, Supply Depot  
  16  1:07  Supply Depot  
  17  1:15  Barracks  
  17  1:26  SCV  
  18  1:38  SCV  
  19  1:53  Command Center  
  19  1:54  SCV  
  20  2:04  Bunker  
  20  2:05  Marine  
  20  2:08  SCV  
  22  2:20  SCV  
  23  2:26  Marine  
  24  2:32  SCV  
  25  2:38  Bunker  
  25  2:44  SCV  
  25  2:51  Refinery x2  
  26  2:56  SCV  
  27  3:07  Marine  
  27  3:08  SCV  
  29  3:20  SCV  
  29  3:21  Command Center  
  29  3:23  SCV  
  29  3:24  Marine  
  32  3:33  SCV  
  33  3:35  SCV, Engineering Bay  
  34  3:45  SCV  
  34  3:47  SCV, Marine  
  37  3:57  SCV  
  37  3:59  SCV  
  39  4:05  Marine  
  39  4:09  SCV  
  41  4:11  SCV  
  42  4:19  Factory  
  42  4:21  SCV  
  42  4:23  SCV, Marine  
  45  4:33  SCV x2  
  45  4:35  SCV  
  48  4:39  Command Center  
  48  4:41  Marine  
  48  4:45  SCV  
  50  4:51  Missile Turret  
  50  4:57  SCV  
  50  4:58  Hi-Sec Auto Tracking, Marine  
  50  4:59  Ghost Academy  
  52  5:04  SCV  
  53  5:07  SCV  
  53  5:09  SCV  
  53  5:11  Factory Tech Lab  
  55  5:16  SCV  
  55  5:17  Missile Turret  
  55  5:19  SCV  
  55  5:20  Barracks Tech Lab  
  55  5:21  SCV  
  58  5:24  Missile Turret  
  58  5:28  SCV  
  58  5:30  Missile Turret  
  58  5:33  SCV, Siege Tank, Missile Turret  
  63  5:37  Infernal Pre-Igniter  
  63  5:40  SCV  
  64  5:44  Refinery  
  64  5:45  SCV x2  
  64  5:49  Refinery  
  66  5:51  Refinery  
  66  5:52  SCV  
  67  5:57  SCV  
  68  6:04  SCV  
  68  6:09  SCV  
  69  6:17  SCV  
  69  6:24  Siege Tank, Missile Turret  
  71  6:31  Missile Turret  
  71  6:32  Planetary Fortress  
  71  6:37  Factory  
  68  6:56  Siege Tank  
  71  7:17  Command Center  
  71  7:22  Bunker  
  71  7:24  Factory Tech Lab  
  71  7:27  SCV, Barracks  
  71  7:28  Siege Tank  
  71  7:29  Planetary Fortress  
  75  7:36  Factory, Missile Turret  
  75  7:38  Supply Depot x2  
  75  7:39  SCV  
  75  7:42  Refinery, Supply Depot x2  
  75  7:46  Siege Tank  
  75  7:51  SCV  
  79  7:52  Missile Turret  
  79  7:56  Missile Turret  
  79  7:57  Barracks  
  79  8:03  SCV  
  80  8:11  Missile Turret  
  80  8:14  Missile Turret  
  80  8:15  SCV  
  80  8:17  Missile Turret, Supply Depot  
  80  8:18  Siege Tank, Missile Turret  
  83  8:25  Missile Turret  
  83  8:30  Factory Tech Lab  
  83  8:39  Personal Cloaking  
  83  8:56  Siege Tank  
  86  9:28  Siege Tank  
  88  9:52  Starport  
  88  9:57  Starport  
  88  10:00  Ghost  
  88  10:04  Nuke  
  88  10:05  Missile Turret  
  90  10:09  Barracks Tech Lab  
  90  10:15  SCV  
  90  10:16  Ghost Academy  
  90  10:27  SCV  
  90  10:28  Ghost, Supply Depot  
  93  10:37  Missile Turret  
  93  10:38  Command Center  
  93  10:39  SCV  
  93  10:41  Missile Turret  
  93  10:42  Planetary Fortress  
  94  10:46  Viking  
  94  10:51  Missile Turret  
  93  10:57  Armory  
  93  10:59  Armory  
  93  11:05  Missile Turret  
  93  11:10  Missile Turret  
  93  11:16  Viking  
  95  11:22  Ghost  
  95  11:24  Nuke  
  97  11:28  Ghost Academy  
  97  11:33  SCV  
  98  11:40  SCV  
  98  11:43  Missile Turret  
  98  11:45  SCV  
  98  11:46  Viking, Missile Turret  
  102  11:48  SCV  
  102  11:50  Ghost  
  102  11:51  Missile Turret  
  102  11:52  SCV  
  106  11:57  SCV  
  106  12:00  SCV  
  108  12:04  SCV  
  109  12:09  SCV  
  109  12:12  SCV  
  111  12:16  SCV, Viking  
  111  12:21  SCV  
  115  12:23  Nuke  
  115  12:24  SCV  
  115  12:26  Nuke x2  
  115  12:28  SCV  
  115  12:36  SCV  
  114  12:41  Ghost Academy  
  114  12:46  Viking  
  114  12:47  Ghost Academy  
  114  12:48  Terran Ship Weapons Level 1, Terran Vehicle And Ship Armor Level 1  
  116  12:51  Missile Turret  
  116  12:57  Starport  
  116  13:02  Missile Turret  
  116  13:03  Missile Turret  
  116  13:07  Command Center  
  116  13:08  Planetary Fortress, Missile Turret  
  116  13:14  Missile Turret  
  116  13:16  Viking  
  118  13:30  Viking  
  120  13:43  Barracks  
  120  13:44  SCV  
  120  13:46  Viking  
  123  13:56  SCV  
  123  13:57  Missile Turret  
  123  13:59  Missile Turret  
  123  14:00  Viking  
  126  14:09  SCV  
  125  14:16  Viking  
  125  14:19  Ghost  
  125  14:21  SCV  
  125  14:24  Nuke x2  
  128  14:30  Viking  
  130  14:33  SCV  
  131  14:46  Viking  
  131  14:48  Ghost  
  121  14:56  Viking  
  122  15:00  Viking  
  122  15:03  SCV  
  122  15:06  Refinery  
  125  15:07  Refinery  
  125  15:12  Barracks Tech Lab, Missile Turret  
  125  15:15  SCV  
  125  15:16  Viking, Ghost  
  125  15:18  Siege Tank  
  133  15:26  Viking  
  133  15:27  SCV  
  133  15:28  Nuke  
  136  15:30  Viking  
  136  15:32  Terran Vehicle And Ship Armor Level 2  
  138  15:38  Ghost Academy  
  138  15:39  SCV  
  139  15:45  Ghost  
  139  15:46  Viking  
  143  15:51  SCV  
  143  15:52  Nuke x2  
  143  15:56  Viking  
  140  16:13  Ghost  
  138  16:24  Nuke x2  
  138  16:27  SCV  
  137  16:39  SCV  
  137  16:48  Command Center  
  137  16:51  SCV  
  132  16:59  Viking x2  
  136  17:02  Ghost  
  136  17:04  SCV  
  136  17:08  Ghost  
  141  17:11  SCV, Missile Turret  
  142  17:16  SCV  
  142  17:18  Missile Turret  
  143  17:23  SCV  
  143  17:29  Viking x2  
  146  17:35  SCV  
  147  17:43  Command Center  
  147  17:45  Supply Depot  
  147  17:49  SCV  
  147  17:59  Viking, Ghost  
  147  18:00  Planetary Fortress  
  147  18:01  SCV, Command Center, Supply Depot  
  152  18:11  Nuke  
  152  18:14  Terran Ship Weapons Level 2  
  152  18:17  SCV  
  153  18:27  Ghost  
  153  18:29  SCV  
  154  18:37  Barracks  
  154  18:38  SCV  
  155  18:41  SCV  
  156  18:50  SCV  
  156  18:53  SCV  
  158  18:56  Ghost  
  158  19:02  SCV, Missile Turret  
  161  19:03  Missile Turret  
  161  19:05  SCV  
  162  19:14  SCV  
  159  19:26  SCV  
  158  19:38  SCV  
  158  19:43  Barracks Tech Lab  
  158  19:45  Missile Turret  
  159  19:50  Nuke x4  
  159  19:51  SCV  
  160  19:58  Planetary Fortress  
  160  20:03  SCV  
  161  20:07  Missile Turret  
  161  20:15  SCV  
  161  20:16  Missile Turret  
  161  20:19  Missile Turret  
  162  20:25  Ghost  
  162  20:27  SCV  
  165  20:30  Siege Tank  
  168  20:39  SCV  
  168  20:41  Supply Depot  
  168  20:42  Supply Depot  
  169  20:43  Combat Shield  
  169  20:44  Supply Depot x3  
  169  20:45  Supply Depot  
  169  20:52  Terran Vehicle And Ship Armor Level 3  
  169  20:53  Ghost, Terran Ship Weapons Level 3  
  169  20:56  Viking  
  177  20:57  Viking  
  173  21:03  Siege Tank  
  173  21:04  Starport  
  178  21:09  Siege Tank  
  177  21:22  Ghost  
  179  21:26  Viking  
  179  21:27  Viking  
  183  21:46  Command Center  
  183  21:56  Viking  
  183  21:57  Viking  
  187  22:02  Concussive Shells  
  171  22:26  Factory  
  170  23:00  Missile Turret  
  170  23:04  Ghost  
  170  23:05  Missile Turret  
  172  23:14  Missile Turret  
  172  23:16  Missile Turret  
  172  23:18  Factory Tech Lab, Missile Turret  
  158  23:30  Terran Vehicle Weapons Level 1  
  142  23:51  SCV  
  143  23:58  Factory  
  143  23:59  SCV  
  144  24:02  Refinery  
  144  24:03  SCV, Refinery  
  144  24:05  Factory  
  141  24:11  SCV  
  141  24:15  Viking x2, SCV  
  144  24:23  SCV  
  145  24:27  SCV  
  146  24:35  SCV  
  147  24:40  SCV  
  147  24:44  SCV  
  147  24:45  Viking  
  151  24:47  SCV  
  151  24:48  Refinery  
  151  24:49  Refinery  
  151  24:50  Ghost  
  151  24:51  Factory Tech Lab  
  153  24:54  Missile Turret  
  153  24:56  SCV  
  155  25:00  SCV  
  155  25:09  SCV  
  155  25:10  Factory Tech Lab  
  155  25:12  SCV  
  155  25:14  Planetary Fortress  
  157  25:15  Missile Turret  
  157  25:16  Missile Turret  
  157  25:18  Ghost  
  157  25:21  SCV  
  153  25:33  SCV  
  132  25:43  Siege Tank  
  135  26:01  Siege Tank  
  136  26:04  Refinery  
  136  26:06  Refinery  
  70  27:30  SCV  
  71  27:37  SCV  
  71  27:42  SCV  
  73  27:49  SCV  
  72  27:54  SCV  
  70  28:01  SCV  
  68  28:07  SCV  
  68  28:10  Viking x2  
  73  28:13  SCV  
  73  28:17  Viking  
  73  28:19  SCV  
  77  28:25  SCV  
  77  28:33  SCV  
  75  28:40  Viking x2  
  78  28:45  SCV  
  78  28:47  Viking  
  81  28:53  Refinery  
  81  28:54  Refinery  
  81  28:58  SCV  
  81  29:10  Viking x2  
  81  29:16  Barracks  
  86  29:17  Viking  
  81  29:40  Viking x2  
  85  29:48  Command Center  
  86  30:03  Siege Tank  
  89  30:10  Viking  
  89  30:24  Barracks Tech Lab  
  89  30:32  SCV  
  87  30:44  SCV  
  88  30:52  Ghost  
  88  30:56  Ghost Academy  
  87  31:01  Ghost Academy  
  87  31:02  SCV  
  88  31:11  Command Center  
  86  31:14  SCV  
  80  31:26  SCV  
  81  31:35  Factory  
  81  31:38  SCV  
  80  31:57  Factory  
  78  32:04  SCV  
  77  32:22  Ghost, Ghost Academy  
  77  32:30  SCV  
  77  32:33  Factory Tech Lab  
  72  32:42  SCV  
  67  32:54  SCV  
Tags
 
Composition
Mech
Matchup
TvT
Race
Terran
Spawn Locations
Cross Positions
Add a new tag
Caveats
  • Supply blocks, unpowered buildings, or Contaminate may cause inaccurate times.
  • Supply counts are checked every 10 seconds.